 Dungeon Crawl Stone Soup version 0.22-b1-26-g9dbaab1 (webtiles) character file.

74 Lew the Skirmisher (level 4, -2/35 HPs)
             Began as a Demonspawn Abyssal Knight on Aug 7, 2018.
             Was a Believer of Lugonu.
             Slain by an orc
             ... wielding a +0 flail
              (7 damage)
             ... on level 3 of the Dungeon.
             The game lasted 00:06:10 (2339 turns).

Lew the Skirmisher (Demonspawn Abyssal Knight)      Turns: 2339, Time: 00:06:11

Health: -2/35      AC:  3    Str: 14    XL:     4   Next: 10%
Magic:  5/5        EV: 11    Int: 13    God:    Lugonu [**....]
Gold:   37         SH:  0    Dex: 12    Spells: 3/3 levels left

rFire    + . .     SeeInvis .   a - +1 falchion
rCold    + . .     Gourm    .   (no shield)
rNeg     . . .     Faith    .   b - +0 leather armour
rPois    .         Spirit   .   (helmet restricted)
rElec    .         Reflect  .   d - scarf {rC+ rF+}
rCorr    .         Harm     .   (no gloves)
MR       .....                  (no boots)
Stlth    +.........             (no amulet)
HPRegen  0.11/turn              (no ring)
MPRegen  0.09/turn              (no ring)

@: no status effects
A: claws 1, hooves 1, horns 1
a: Depart the Abyss, Bend Space, Renounce Religion


You were on level 3 of the Dungeon.
You worshipped Lugonu.
Lugonu was pleased with you.
You were not hungry.

You visited 1 branch of the dungeon, and saw 3 of its levels.
You visited the Abyss 1 time.

You collected 37 gold pieces.

Inventory:

Hand Weapons
 a - a +1 falchion (weapon)
Armour
 b - a +0 leather armour (worn)
 d - a scarf of resistance (worn)
Scrolls
 g - 3 scrolls of identify {unknown}
 h - a scroll of amnesia {unknown}
 i - a scroll of random uselessness {unknown}
 j - a scroll of teleportation {unknown}
 k - a scroll of fog {unknown}
Potions
 e - a potion of haste {unknown}
 f - 2 potions of curing {unknown}
 l - 3 potions of flight {unknown}
Comestibles
 c - 3 rations


   Skills:
 * Level 3.4 Fighting
 * Level 2.4 Long Blades
 * Level 2.3 Armour
 * Level 1.6 Dodging
 * Level 1.4 Stealth
 - Level 2.4 Invocations


You had 3 spell levels left.
You didn't know any spells.
Your spell library was empty.

Dungeon Overview and Level Annotations

Branches:
Dungeon (3/15)

Altars:
Okawaru


Innate Abilities, Weirdness & Mutations

You have sharp fingernails.
You have large cloven feet.
You have a pair of small horns on your head.


Message History

The orc priest hits you with a hand axe.
You hit the orc priest. You headbutt the orc priest.
The orc priest is almost dead.
The orc closely misses you.
You riposte.
You closely miss the orc. You kick the orc, but do no damage.
The orc priest invokes the aid of Beogh against you.
Beogh smites you!
The orc priest hits you but does no damage.
The orc barely misses you.
You hit the orc. Your headbutt misses the orc.
The orc is heavily wounded.
The orc priest mumbles some strange prayers to Beogh against you.
Beogh smites you!
* * * LOW HITPOINT WARNING * * *
The orc hits you with a dagger.
* * * LOW HITPOINT WARNING * * *
The orc priest calls upon Beogh to heal the orc.
The orc's wounds heal themselves!
The orc hits you with a flail!
You die...

#....# #....#
#....# #....#
#....# #....#
#....# #....#
###....# #....#
#......# #....#
#.....##
####....o########
####
.......@..)......
#...
#########oo......
#... #........
#... .........
#... #####.###
#### ..# .# #


You could see an orc priest and 2 orcs.

Vanquished Creatures
  2 adders
  An ooze (D:1)
  3 dart slugs (D:1)
  An orc (D:3)
  4 bats
  2 giant cockroaches
  4 goblins
  10 hobgoblins
  4 kobolds
  A quokka (D:2)
  5 frilled lizards
  7 rats
44 creatures vanquished.

Notes
Turn   | Place    | Note
-------+----------+-------------------------------------------
     0 | Abyss:1  | Lew the Demonspawn Abyssal Knight began the quest for the Orb.
     0 | Abyss:1  | Reached XP level 1. HP: 18/18 MP: 2/2
     9 | D:1      | Escaped the Abyss
    62 | D:1      | Reached skill level 1 in Dodging
    75 | D:1      | Gained mutation: You have a pair of small horns on your head. [demonic ancestry]
    75 | D:1      | Reached XP level 2. HP: 11/24 MP: 3/3
   310 | D:1      | Reached skill level 1 in Stealth
   310 | D:1      | Gained mutation: You have sharp fingernails. [demonic ancestry]
   310 | D:1      | Reached XP level 3. HP: 15/29 MP: 4/4
   534 | D:1      | Reached ** piety under Lugonu
  1065 | D:2      | Found an iron altar of Okawaru.
  1990 | D:3      | Gained mutation: You have large cloven feet. [demonic ancestry]
  1990 | D:3      | Reached XP level 4. HP: 6/35 MP: 5/5
  2339 | D:3      | Slain by an orc

Skill      XL: |  1  2 |
---------------+-------+-----
Dodging        | 1 |  1.6
Long Blades    | 2 |  2.4
Armour         | 2 |  2.3
Stealth        | 1 |  1.4
Fighting       | |  3.4
Invocations    | |  2.4

Action                   |  1- 3 |  4- 6 || total
-------------------------+-------+-------++-------
Melee: Falchion          |   104 |     6 ||   110
       Headbutt          |     5 |     2 ||     7
       Kick              |       |     3 ||     3
Invok: Bend Space        |     4 |       ||     4
 Stab: Sleeping          |     2 |       ||     2
  Eat: Chunk             |     2 |       ||     2
       Ration            |     1 |       ||     1
Armor: Leather armour    |    28 |     2 ||    30
Dodge: Dodged            |    74 |     5 ||    79
       Rpst.: Falchion   |    25 |     2 ||    27
